 Dungeon Crawl Stone Soup version 0.31-a0-152-g6aa68a64a1 (webtiles) character file.

Game seed: 7331787952858046131

6052 qw the Skirmisher (level 10, -1/96 HPs)
             Began as a Naga Hunter on June 9, 2023.
             Was a Priest of Okawaru.
             Slain by an elephant (14 damage)
             ... on level 1 of the Lair of Beasts.
             The game lasted 00:02:53 (7696 turns).

qw the Skirmisher (Naga Hunter)                     Turns: 7696, Time: 00:02:54

Health: -1/96      AC: 12    Str: 15    XL:     10   Next: 87%
Magic:  11/13      EV: 15    Int:  9    God:    Okawaru [***...]
Gold:   269        SH:  0    Dex: 18    Spells: 9/9 levels left

rFire   . . .        Y - +3 orcbow (drain)
rCold   . . .        (shield currently unavailable)
rNeg    . . .        o - +0 steam dragon scales
rPois   +            (no helmet)
rElec   .            i - +1 cloak
rCorr   .            l - +1 pair of gloves
SInv    +            (no barding)
Will    +....        d - amulet of the acrobat
Stlth   ++++         (no ring)
HPRegen 0.36/turn    (no ring)
MPRegen 0.13/turn

%: acrobat
@: about to teleport, heroic, very slow
A: AC +3, large, see invisible, deformed body, poison resistance, slowness 2,
spit poison 1, naga tail 1
a: Spit Poison, Renounce Religion, Heroism


You were on level 1 of the Lair of Beasts.
You worshipped Okawaru.
Okawaru was most pleased with you.
You visited 3 branches of the dungeon, and saw 10 of its levels.

You collected 551 gold pieces.
You spent 282 gold pieces at shops.


Innate Abilities, Weirdness & Mutations

Your serpentine skin is tough. (AC +3)
You have supernaturally acute eyesight. (SInv)
Armour fits poorly on your strangely shaped body.
Your system is resistant to poisons. (rPois)
You cover ground very slowly.
You can spit poison.
You have a snake-like lower body.


   Skills:
 - Level 8.1(13.1) Fighting
 + Level 11.7(16.7) Ranged Weapons
 - Level 2.4(7.4) Armour
 - Level 4.1(9.1) Dodging
 - Level 1.5(6.5) Stealth
 - Level 4.2 Invocations


You had 9 spell levels left.
You didn't know any spells.
Your spell library was empty.

Inventory:

Hand Weapons
 Y - a +3 orcbow of draining (weapon)
Armour
 i - a +1 cloak (worn)
 l - a +1 pair of gloves (worn)
 o - +0 steam dragon scales (worn)
Jewellery
 d - an amulet of the acrobat (around neck)
 n - a ring of fire
Wands
 e - a wand of digging (1)
Scrolls
 h - a scroll of identify
Potions
 a - 2 potions of mutation
 b - a potion of curing
 g - a potion of might {unknown}
 j - a potion of invisibility {unknown}
 k - a potion of enlightenment {unknown}
 m - a potion of magic {unknown}
 p - a potion of brilliance {unknown}

Dungeon Overview and Level Annotations

Branches:
Dungeon (8/15)             Temple (1/1) D:5            Lair (1/5) D:8

Altars:
Ashenzari
Dithmenos
Elyvilon
Fedhas
Gozag
Kikubaaqudgha
Makhleb
Nemelex Xobeh
Okawaru
Qazlal
Sif Muna
Uskayaw
Vehumet
Wu Jian
Xom
Zin
The Shining One

Shops:
D:5 [=(=[   D:7 (


Message History

7690 ||| INVOKING Spit Poison.
Aiming: Spit Poison (1% risk of failure)
Press: ? - help, Shift-Dir - straight line, f/p - elephant The splash of poison hits the elephant.
You kill the elephant!
Okawaru is honoured by your kill.
Okawaru will now gift you throwing weapons as you gain piety.
The elephant misses you.
The elephant trunk-slaps you but does no damage.
The elephant misses you.
The elephant trunk-slaps you but does no damage.
You shoot an arrow. The arrow hits the elephant.
You drain the elephant.
The elephant is moderately wounded.
You hear an angry hiss.
The elephant tramples you!
You hold your ground!
The elephant trunk-slaps you but does no damage.
You shoot an arrow. The arrow hits the elephant!
You drain the elephant.
The elephant is heavily wounded.
The elephant barely misses you.
The elephant trunk-slaps you but does no damage.
You shoot an arrow.
The arrow hits the elephant but does no damage.
You shoot an arrow. The arrow hits the elephant!
You drain the elephant.
The elephant is lightly wounded.
The elephant tramples you!
You hold your ground!
The elephant barely misses you. x2
The elephant trunk-slaps you but does no damage.
You shoot an arrow. The arrow hits the elephant.
The elephant is moderately wounded.
The elephant tramples you!
You hold your ground!
The elephant trunk-slaps you but does no damage.
A steam dragon comes into view.
The elephant completely misses you.
The elephant trunk-slaps you but does no damage.
The elephant tramples you!
You hold your ground!
The elephant barely misses you.
7696 ||| READING scroll of teleportation.
As you read the scroll of teleportation, it crumbles to dust.
You feel strangely unstable.
You have got your breath back.
The elephant tramples you!
You die...

#.. ## ##..
.P ###.(. ..#
##..... #..#
.....Y.#...##
.....Y..#...#
....YY.D...#
##YY..#
#@YY..#
##Y...#
##.....#
#......#
##.....##
#....#.##
#...##...#
###
######...#
..######
###....#


You could see 5 elephants and a steam dragon.

Vanquished Creatures
  A catoblepas (Lair:1)
  Maurice (D:8)
  A black mamba (Lair:1)
  An elephant (Lair:1)
  A cane toad (Lair:1)
  A wyvern (D:8)
  3 yaks (D:8)
  4 basilisks (D:8)
  Edmund (D:4)
  3 steam dragons
  7 water moccasins
  An ice beast (D:7)
  A black bear (Lair:1)
  2 ogres
  A centaur (D:6)
  2 phantoms
  A bullfrog (D:8)
  A scorpion (D:3)
  A gnoll sergeant (D:6)
  4 wights (D:6)
  5 hounds
  2 sleepcaps
  3 iguanas
  2 orc priests
  A gnoll bouda (D:8)
  3 orc wizards (D:5)
  10 adders
  15 gnolls
  A shadow imp (D:6)
  A white imp (D:6)
  An ufetubus (D:5)
  3 worms
  4 dart slugs
  19 orcs
  5 ball pythons
  6 bats
  An endoplasm (D:3)
  14 giant cockroaches
  8 goblins
  6 hobgoblins
  3 jackals (D:4)
  7 kobolds
  3 quokkas
  5 frilled lizards
  4 rats
170 creatures vanquished.

Notes
Turn   | Place    | Note
-------+----------+-------------------------------------------
     0 | D:1      | qw the Naga Hunter began the quest for the Orb.
     0 | D:1      | Reached XP level 1. HP: 19/19 MP: 1/1
     0 | D:1      | 0 ||| qw: Version: 0.2-a-122-gbc61b45
     0 | D:1      | 0 ||| qw: Game counter: 3470
     0 | D:1      | 0 ||| qw: Always use a shield: true
     0 | D:1      | 0 ||| qw: God list: Okawaru
     0 | D:1      | 0 ||| qw: Allow faded altars: false
     0 | D:1      | 0 ||| qw: Do Orc after D:15 true
     0 | D:1      | 0 ||| qw: Do second Lair branch before Depths: true
     0 | D:1      | 0 ||| qw: Lair rune preference: random
     0 | D:1      | 0 ||| qw: Plans: Normal
     0 | D:1      | 0 ||| PLANNING D:1-11
    47 | D:1      | 47 ||| INVOKING Spit Poison.
    52 | D:1      | 52 ||| INVOKING Spit Poison.
    58 | D:1      | 58 ||| INVOKING Spit Poison.
   140 | D:1      | Reached skill level 4 in Ranged Weapons
   140 | D:1      | Reached XP level 2. HP: 26/26 MP: 2/2
   143 | D:1      | 143 ||| INVOKING Spit Poison.
   154 | D:1      | 154 ||| INVOKING Spit Poison.
   176 | D:1      | 176 ||| INVOKING Spit Poison.
   227 | D:1      | 227 ||| INVOKING Spit Poison.
   230 | D:1      | 230 ||| INVOKING Spit Poison.
   240 | D:1      | 240 ||| INVOKING Spit Poison.
   305 | D:1      | 305 ||| INVOKING Spit Poison.
   307 | D:1      | Reached XP level 3. HP: 32/32 MP: 3/3
   362 | D:1      | 362 ||| INVOKING Spit Poison.
   495 | D:1      | 495 ||| READING scroll labelled DUBADAS OCESM.
   496 | D:1      | 496 ||| READING scroll labelled MECISTR ESURE.
   497 | D:1      | 497 ||| READING scroll labelled VEPENKITIE.
   498 | D:1      | 498 ||| DROPPING scroll of butterflies.
   533 | D:2      | 533 ||| INVOKING Spit Poison.
   546 | D:2      | 546 ||| INVOKING Spit Poison.
   554 | D:2      | 554 ||| INVOKING Spit Poison.
   578 | D:2      | 578 ||| INVOKING Spit Poison.
   622 | D:2      | Found a faded altar of an unknown god.
   663 | D:2      | 663 ||| INVOKING Spit Poison.
   716 | D:2      | 716 ||| INVOKING Spit Poison.
   944 | D:2      | 944 ||| INVOKING Spit Poison.
   949 | D:2      | Reached skill level 5 in Ranged Weapons
   970 | D:2      | 970 ||| INVOKING Spit Poison.
   971 | D:2      | Reached XP level 4. HP: 39/39 MP: 4/4
   994 | D:2      | 994 ||| INVOKING Spit Poison.
  1001 | D:2      | 1001 ||| INVOKING Spit Poison.
  1080 | D:2      | 1080 ||| INVOKING Spit Poison.
  1083 | D:2      | 1083 ||| INVOKING Spit Poison.
  1089 | D:2      | 1089 ||| INVOKING Spit Poison.
  1092 | D:2      | 1092 ||| INVOKING Spit Poison.
  1095 | D:2      | 1095 ||| INVOKING Spit Poison.
  1100 | D:2      | 1100 ||| INVOKING Spit Poison.
  1148 | D:2      | 1148 ||| INVOKING Spit Poison.
  1200 | D:2      | 1200 ||| INVOKING Spit Poison.
  1215 | D:2      | 1215 ||| INVOKING Spit Poison.
  1242 | D:2      | 1242 ||| INVOKING Spit Poison.
  1246 | D:2      | 1246 ||| INVOKING Spit Poison.
  1266 | D:2      | 1266 ||| INVOKING Spit Poison.
  1270 | D:2      | 1270 ||| INVOKING Spit Poison.
  1330 | D:2      | 1330 ||| INVOKING Spit Poison.
  1516 | D:2      | 1516 ||| INVOKING Spit Poison.
  1541 | D:2      | 1541 ||| READING scroll labelled FECRIG NUEQAPS.
  1542 | D:2      | 1542 ||| DRINKING 2 purple potions.
  1580 | D:2      | 1580 ||| DROPPING potion of lignification.
  1601 | D:3      | 1601 ||| INVOKING Spit Poison.
  1602 | D:3      | Reached skill level 3 in Fighting
  1667 | D:3      | 1667 ||| INVOKING Spit Poison.
  1698 | D:3      | 1698 ||| INVOKING Spit Poison.
  1723 | D:3      | 1723 ||| INVOKING Spit Poison.
  1728 | D:3      | 1728 ||| INVOKING Spit Poison.
  1733 | D:3      | Reached XP level 5. HP: 48/49 MP: 5/5
  1733 | D:3      | 1733 ||| INVOKING Spit Poison.
  1832 | D:3      | 1832 ||| INVOKING Spit Poison.
  1849 | D:3      | 1849 ||| INVOKING Spit Poison.
  1882 | D:3      | 1882 ||| INVOKING Spit Poison.
  1908 | D:3      | 1908 ||| INVOKING Spit Poison.
  1925 | D:3      | 1925 ||| INVOKING Spit Poison.
  1951 | D:3      | 1951 ||| INVOKING Spit Poison.
  1959 | D:3      | 1959 ||| INVOKING Spit Poison.
  1964 | D:3      | Found an opulent altar of Gozag.
  1979 | D:3      | 1979 ||| INVOKING Spit Poison.
  2037 | D:3      | 2037 ||| INVOKING Spit Poison.
  2150 | D:3      | Found a glowing silver altar of Zin.
  2224 | D:3      | 2224 ||| READING scroll labelled ITOUCWU RAVVUO.
  2225 | D:3      | 2225 ||| DRINKING 2 viscous puce potions.
  2276 | D:4      | Noticed an ogre
  2278 | D:4      | 2278 ||| INVOKING Spit Poison.
  2281 | D:4      | Noticed a phantom
  2284 | D:4      | 2284 ||| STAIRDANCE
  2286 | D:3      | 2286 ||| INVOKING Spit Poison.
  2287 | D:3      | Killed an ogre
  2288 | D:3      | Reached skill level 6 in Ranged Weapons
  2288 | D:3      | Reached XP level 6. HP: 35/56 MP: 6/6
  2361 | D:4      | 2361 ||| INVOKING Spit Poison.
  2365 | D:4      | 2365 ||| STAIRDANCE
  2450 | D:4      | 2450 ||| INVOKING Spit Poison.
  2456 | D:4      | 2456 ||| INVOKING Spit Poison.
  2460 | D:4      | 2460 ||| INVOKING Spit Poison.
  2467 | D:4      | 2467 ||| INVOKING Spit Poison.
  2470 | D:4      | 2470 ||| INVOKING Spit Poison.
  2477 | D:4      | 2477 ||| INVOKING Spit Poison.
  2610 | D:4      | 2610 ||| INVOKING Spit Poison.
  2645 | D:4      | 2645 ||| INVOKING Spit Poison.
  2648 | D:4      | 2648 ||| INVOKING Spit Poison.
  2650 | D:4      | Reached XP level 7. HP: 64/64 MP: 7/7
  2679 | D:4      | Found a hide-covered altar of Uskayaw.
  2680 | D:4      | 2680 ||| INVOKING Spit Poison.
  2694 | D:4      | 2694 ||| INVOKING Spit Poison.
  2698 | D:4      | 2698 ||| INVOKING Spit Poison.
  2699 | D:4      | Reached skill level 7 in Ranged Weapons
  2717 | D:4      | 2717 ||| INVOKING Spit Poison.
  2953 | D:4      | 2953 ||| READING scroll labelled SYUPLI DANU.
  2971 | D:5      | Entered Level 5 of the Dungeon
  2977 | D:5      | 2977 ||| STAIRDANCE
  3057 | D:5      | 3057 ||| INVOKING Spit Poison.
  3060 | D:5      | 3060 ||| INVOKING Spit Poison.
  3067 | D:5      | 3067 ||| INVOKING Spit Poison.
  3071 | D:5      | HP: 14/64 [gnoll/+0 club (6)]
  3073 | D:5      | 3073 ||| INVOKING Spit Poison.
  3091 | D:5      | 3091 ||| FLEEEEING.
  3092 | D:5      | 3092 ||| FLEEEEING.
  3093 | D:5      | 3093 ||| STAIRDANCE
  3093 | D:5      | Noticed Edmund
  3239 | D:5      | 3239 ||| INVOKING Spit Poison.
  3245 | D:5      | 3245 ||| INVOKING Spit Poison.
  3251 | D:5      | 3251 ||| INVOKING Spit Poison.
  3254 | D:5      | 3254 ||| INVOKING Spit Poison.
  3259 | D:5      | 3259 ||| INVOKING Spit Poison.
  3264 | D:5      | 3264 ||| STAIRDANCE
  3266 | D:4      | 3266 ||| INVOKING Spit Poison.
  3267 | D:4      | 3267 ||| INVOKING Spit Poison.
  3272 | D:4      | 3272 ||| INVOKING Spit Poison.
  3272 | D:4      | Killed Edmund
  3397 | D:5      | 3397 ||| INVOKING Spit Poison.
  3402 | D:5      | 3402 ||| INVOKING Spit Poison.
  3415 | D:5      | 3415 ||| FLEEEEING.
  3416 | D:5      | 3416 ||| FLEEEEING.
  3416 | D:5      | Found Ywelo's Jewellery Shoppe.
  3417 | D:5      | 3417 ||| FLEEEEING.
  3418 | D:5      | 3418 ||| STAIRDANCE
  3461 | D:5      | 3461 ||| INVOKING Spit Poison.
  3468 | D:5      | Found Henisko's Weapon Boutique.
  3471 | D:5      | 3471 ||| SHOPLISTING +4 ring of protection (468 gold, have
                  | 280).
  3471 | D:5      | 3471 ||| SHOPLISTING +6 ring of dexterity (468 gold, have
                  | 280).
  3471 | D:5      | 3471 ||| SHOPLISTING amulet of faith (520 gold, have 280).
  3471 | D:5      | 3471 ||| SHOPLISTING amulet of the acrobat (390 gold, have
                  | 280).
  3471 | D:5      | 3471 ||| SHOPLISTING ring of ice (325 gold, have 280).
  3476 | D:5      | 3476 ||| BUYING +3 orcbow of draining (233 gold).
  3476 | D:5      | Bought a +3 orcbow of draining for 233 gold pieces
  3476 | D:5      | 3476 ||| SWAPPING to +3 orcbow of draining.
  3477 | D:5      | 3477 ||| DROPPING +1 shortbow.
  3515 | D:5      | 3515 ||| INVOKING Spit Poison.
  3519 | D:5      | 3519 ||| INVOKING Spit Poison.
  3521 | D:5      | Reached skill level 8 in Ranged Weapons
  3523 | D:5      | 3523 ||| INVOKING Spit Poison.
  3524 | D:5      | Reached XP level 8. HP: 54/72 MP: 8/8
  3580 | D:5      | Found a blossoming altar of Fedhas.
  3595 | D:5      | Found a broken altar of Ashenzari.
  3661 | D:5      | Found Luloe's Armour Boutique.
  3663 | D:5      | 3663 ||| INVOKING Spit Poison.
  3673 | D:5      | 3673 ||| BUYING +0 cloak (49 gold).
  3673 | D:5      | Bought a +0 cloak for 49 gold pieces
  3673 | D:5      | 3673 ||| SHOPLISTING +1 leather armour of fire resistance
                  | (154 gold, have 7).
  3699 | D:5      | Found Issi's Jewellery Emporium.
  3701 | D:5      | Found Uneduthra's Antique Armour Shop.
  3708 | D:5      | 3708 ||| INVOKING Spit Poison.
  3712 | D:5      | 3712 ||| INVOKING Spit Poison.
  3735 | D:5      | 3735 ||| SHOPLISTING +5 ring of evasion (396 gold, have
                  | 32).
  3735 | D:5      | 3735 ||| SHOPLISTING +6 ring of dexterity (396 gold, have
                  | 32).
  3735 | D:5      | 3735 ||| SHOPLISTING +6 ring of strength (396 gold, have
                  | 32).
  3735 | D:5      | 3735 ||| SHOPLISTING amulet of regeneration (330 gold, have
                  | 32).
  3735 | D:5      | 3735 ||| SHOPLISTING ring of ice (275 gold, have 32).
  3744 | D:5      | 3744 ||| SHOPLISTING glowing leather armour (150 gold, have
                  | 32).
  3744 | D:5      | 3744 ||| SHOPLISTING pair of gloves (135 gold, have 32).
  3744 | D:5      | 3744 ||| SHOPLISTING runed leather armour (150 gold, have
                  | 32).
  3748 | D:5      | Found a staircase to the Ecumenical Temple.
  3749 | D:5      | 3749 ||| PLANNING TEMPLE
  3749 | D:5      | 3749 ||| UPGRADING to +0 cloak.
  3754 | D:5      | 3754 ||| READING 2 scrolls of identify.
  3754 | D:5      | 3754 ||| IDENTIFYING puce potion
  3764 | Temple   | Entered the Ecumenical Temple
  3773 | Temple   | 3773 ||| PLANNING OKAWARU WORSHIP
  3920 | Temple   | Became a worshipper of Warmaster Okawaru
  3920 | Temple   | 3920 ||| PLANNING D:1-11
  4094 | D:5      | Found an ornate altar of the Wu Jian Council.
  4146 | D:6      | 4146 ||| INVOKING Spit Poison.
  4150 | D:6      | 4150 ||| Stepping ~*~*~tactically~*~*~ (outnumbered).
  4151 | D:6      | 4151 ||| INVOKING Spit Poison.
  4154 | D:6      | 4154 ||| FLEEEEING.
  4155 | D:6      | 4155 ||| STAIRDANCE
  4157 | D:5      | 4157 ||| INVOKING Spit Poison.
  4188 | D:6      | 4188 ||| INVOKING Spit Poison.
  4190 | D:6      | 4190 ||| STAIRDANCE
  4258 | D:6      | 4258 ||| INVOKING Spit Poison.
  4425 | D:6      | 4425 ||| INVOKING Spit Poison.
  4445 | D:6      | Identified the +7 great mace "Rexon" {flame, rN+ Int+3
                  | Stlth+}
  4527 | D:6      | 4527 ||| INVOKING Spit Poison.
  4530 | D:6      | 4530 ||| INVOKING Spit Poison.
  4612 | D:6      | 4612 ||| INVOKING Spit Poison.
  4613 | D:6      | 4613 ||| Stepping ~*~*~tactically~*~*~ (outnumbered).
  4615 | D:6      | 4615 ||| Stepping ~*~*~tactically~*~*~ (outnumbered).
  4618 | D:6      | 4618 ||| INVOKING Spit Poison.
  4625 | D:6      | 4625 ||| INVOKING Spit Poison.
  4629 | D:6      | 4629 ||| INVOKING Spit Poison.
  4819 | D:6      | 4819 ||| INVOKING Spit Poison.
  4821 | D:6      | Reached skill level 9 in Ranged Weapons
  4869 | D:6      | 4869 ||| READING scroll of enchant armour.
  4869 | D:6      | 4869 ||| ENCHANTING +0 cloak.
  5104 | D:6      | Reached skill level 1 in Armour
  5243 | D:6      | 5243 ||| UPGRADING to +0 pair of gloves.
  5394 | D:7      | 5394 ||| INVOKING Spit Poison.
  5396 | D:7      | Reached skill level 6 in Fighting
  5396 | D:7      | Reached XP level 9. HP: 84/84 MP: 9/9
  5421 | D:7      | 5421 ||| INVOKING Spit Poison.
  5456 | D:7      | Reached skill level 3 in Dodging
  5599 | D:7      | Found Nuing's Weapon Emporium.
  5618 | D:7      | Reached * piety under Okawaru
  5757 | D:7      | 5757 ||| READING scroll labelled FAATOKHOXAR.
  5758 | D:7      | 5758 ||| READING 2 scrolls of identify.
  5758 | D:7      | 5758 ||| IDENTIFYING bubbling dark potion
  5759 | D:7      | 5759 ||| DROPPING potion of ambrosia.
  5769 | D:8      | Reached skill level 1 in Invocations
  5781 | D:8      | 5781 ||| INVOKING Heroism.
  5782 | D:8      | 5782 ||| INVOKING Spit Poison.
  5787 | D:8      | 5787 ||| INVOKING Spit Poison.
  5793 | D:8      | Reached skill level 3 in Invocations
  5793 | D:8      | 5793 ||| Stepping ~*~*~tactically~*~*~ (outnumbered).
  5803 | D:8      | 5803 ||| INVOKING Spit Poison.
  5804 | D:8      | 5804 ||| Stepping ~*~*~tactically~*~*~ (outnumbered).
  5813 | D:8      | 5813 ||| INVOKING Spit Poison.
  5818 | D:8      | 5818 ||| INVOKING Heroism.
  5819 | D:8      | 5819 ||| INVOKING Spit Poison.
  5820 | D:8      | Reached skill level 10 in Ranged Weapons
  5884 | D:8      | 5884 ||| INVOKING Spit Poison.
  5886 | D:8      | 5886 ||| INVOKING Heroism.
  5887 | D:8      | 5887 ||| INVOKING Spit Poison.
  5891 | D:8      | Reached ** piety under Okawaru
  6011 | D:8      | 6011 ||| INVOKING Heroism.
  6012 | D:8      | 6012 ||| INVOKING Spit Poison.
  6023 | D:8      | 6023 ||| INVOKING Spit Poison.
  6029 | D:8      | 6029 ||| INVOKING Spit Poison.
  6112 | D:8      | Noticed Maurice
  6113 | D:8      | 6113 ||| DRINKING 2 potions of curing.
  6113 | D:8      | 6113 ||| (to cure confusion)
  6114 | D:8      | 6114 ||| INVOKING Spit Poison.
  6120 | D:8      | 6120 ||| INVOKING Spit Poison.
  6124 | D:8      | 6124 ||| INVOKING Spit Poison.
  6130 | D:8      | Reached XP level 10. HP: 94/94 MP: 13/13
  6138 | D:8      | 6138 ||| INVOKING Spit Poison.
  6140 | D:8      | Killed Maurice
  6141 | D:8      | Reached skill level 11 in Ranged Weapons
  6269 | D:8      | 6269 ||| INVOKING Spit Poison.
  6322 | D:8      | 6322 ||| INVOKING Spit Poison.
  6326 | D:8      | 6326 ||| INVOKING Spit Poison.
  6330 | D:8      | 6330 ||| INVOKING Spit Poison.
  6336 | D:8      | 6336 ||| INVOKING Spit Poison.
  6397 | D:8      | Found a staircase to the Lair.
  6530 | D:8      | 6530 ||| INVOKING Heroism.
  6531 | D:8      | 6531 ||| Stepping ~*~*~tactically~*~*~ (cloud).
  6535 | D:8      | 6535 ||| INVOKING Spit Poison.
  6782 | D:8      | 6782 ||| READING scroll of enchant armour.
  6782 | D:8      | 6782 ||| ENCHANTING +0 pair of gloves.
  6827 | D:8      | 6827 ||| INVOKING Spit Poison.
  7084 | D:8      | 7084 ||| PLANNING LAIR
  7084 | D:8      | 7084 ||| UPGRADING to +0 steam dragon scales.
  7094 | D:8      | 7094 ||| DROPPING +0 leather armour.
  7095 | D:8      | 7095 ||| UPGRADING to amulet of the acrobat.
  7100 | D:8      | 7100 ||| READING scroll labelled ETIUT ROUTSEA.
  7104 | D:8      | 7104 ||| READING 2 scrolls of identify.
  7104 | D:8      | 7104 ||| IDENTIFYING grey potion
  7105 | D:8      | 7105 ||| DROPPING potion of attraction.
  7125 | Lair:1   | Entered Level 1 of the Lair of Beasts
  7125 | Lair:1   | Noticed a black mamba
  7126 | Lair:1   | 7126 ||| INVOKING Heroism.
  7143 | Lair:1   | Killed a black mamba
  7236 | Lair:1   | 7236 ||| INVOKING Spit Poison.
  7251 | Lair:1   | Noticed a cane toad
  7252 | Lair:1   | 7252 ||| INVOKING Heroism.
  7258 | Lair:1   | Killed a cane toad
  7459 | Lair:1   | Noticed a catoblepas
  7460 | Lair:1   | 7460 ||| INVOKING Heroism.
  7461 | Lair:1   | 7461 ||| INVOKING Spit Poison.
  7465 | Lair:1   | 7465 ||| Stepping ~*~*~tactically~*~*~ (cloud).
  7467 | Lair:1   | 7467 ||| Stepping ~*~*~tactically~*~*~ (cloud).
  7469 | Lair:1   | 7469 ||| INVOKING Spit Poison.
  7476 | Lair:1   | 7476 ||| INVOKING Spit Poison.
  7478 | Lair:1   | 7478 ||| Stepping ~*~*~tactically~*~*~ (cloud).
  7479 | Lair:1   | 7479 ||| Stepping ~*~*~tactically~*~*~ (cloud).
  7480 | Lair:1   | 7480 ||| Stepping ~*~*~tactically~*~*~ (cloud).
  7481 | Lair:1   | 7481 ||| INVOKING Spit Poison.
  7482 | Lair:1   | Killed a catoblepas
  7482 | Lair:1   | Reached *** piety under Okawaru
  7675 | Lair:1   | Noticed an elephant
  7675 | Lair:1   | Noticed an elephant
  7675 | Lair:1   | Noticed an elephant
  7675 | Lair:1   | Noticed an elephant
  7675 | Lair:1   | Noticed an elephant
  7676 | Lair:1   | 7676 ||| INVOKING Spit Poison.
  7676 | Lair:1   | Noticed an elephant
  7681 | Lair:1   | 7681 ||| Stepping ~*~*~tactically~*~*~ (outnumbered).
  7682 | Lair:1   | 7682 ||| INVOKING Spit Poison.
  7689 | Lair:1   | 7689 ||| INVOKING Heroism.
  7690 | Lair:1   | 7690 ||| INVOKING Spit Poison.
  7690 | Lair:1   | Killed an elephant
  7695 | Lair:1   | HP: 24/96 [elephant (8)]
  7696 | Lair:1   | 7696 ||| READING scroll of teleportation.
  7696 | Lair:1   | Slain by an elephant

Levels and vault maps discovered:
D:1:      saegor_arrival_simple_b, layout_basic
D:2:      minmay_roachtagon, layout_basic, shapermc_ecumenical_altar_gd,
          roderic_serpentine_path
D:3:      layout_loops_ring, pdpol_temple_overflow_zin_treasury_gozag_greed,
          kennysheep_generic_room_5
D:4:      layout_cave_pools, mainiacjoe_overflow_chevrons, kennysheep_nub
D:5:      layout_cave_pools, fedhas_altar_3, nicolae_ashenzari_skybound,
          nicolae_wu_jian_immortal_techniques, minmay_temple_entry_mist,
          serial_shops, shop, shop, shop, nicolae_shop_trees, shop, uniq_edmund
D:6:      layout_gridville
D:7:      layout_cave_pools, serial_shops, kennysheep_mini,
          reono_crystal_passage, minmay_misc_feat_enclosed
D:8:      layout_basic, minmay_lair_entry_grove, lemuel_flamethrower_1,
          uniq_maurice
Temple:   chequers_temple_sunken
Lair:1:   layout_cave_pods

Skill      XL: |  1  2  3  4  5  6  7  8  9 10 |
---------------+-------------------------------+-----
Ranged Weapons | 4 5 6 8 9 10 11 | 11.7
Fighting       | 3 4 6 7 8 |  8.1
Dodging        | 2 3 4 |  4.1
Armour         | 1 2 |  2.4
Invocations    | 4 |  4.2
Stealth        | |  1.5

Action                     |  1- 3 |  4- 6 |  7- 9 | 10-12 || total
---------------------------+-------+-------+-------+-------++-------
   Fire: Shortbow          |    45 |   108 |    66 |       ||   219
         Orcbow            |       |       |   177 |    81 ||   258
 Invoke: Heroism           |       |       |     4 |     5 ||     9
Ability: Spit Poison       |    19 |    44 |    52 |    16 ||   131
    Use: Scroll            |     3 |     2 |     5 |     4 ||    14
         Potion            |       |     2 |     1 |       ||     3
 Armour: Leather armour    |     5 |    36 |    33 |     6 ||    80
         Steam dragon scal |       |       |       |    22 ||    22
  Dodge: Dodged            |     8 |    65 |    75 |    46 ||   194

Table legend:
 A = Non-vault XP
 B = Vault XP
 C = Vault XP percentage of total XP
 D = Non-vault monster count
 E = Vault monster count
 F = Vault count percentage of total count
                 A         B        C        D         E       F
            +---------+---------+-------+---------+---------+-------
      Total |    5737 |    2910 |  33.7 |     141 |      29 |  17.1
            +---------+---------+-------+---------+---------+-------
        D:1 |      38 |       0 |   0.0 |      20 |       0 |   0.0
        D:2 |      77 |      22 |  22.2 |      21 |      11 |  34.4
        D:3 |     249 |       8 |   3.1 |      16 |       3 |  15.8
        D:4 |     460 |     171 |  27.1 |      15 |       1 |   6.2
        D:5 |     504 |       0 |   0.0 |      26 |       0 |   0.0
        D:6 |     673 |       0 |   0.0 |      18 |       0 |   0.0
        D:7 |     608 |       0 |   0.0 |       7 |       0 |   0.0
        D:8 |     611 |    2709 |  81.6 |      12 |      14 |  53.8
     Lair:1 |    2517 |       0 |   0.0 |       6 |       0 |   0.0
            +---------+---------+-------+---------+---------+-------
